 Dungeon Crawl Stone Soup version 0.22-a0-274-gf8199ec (webtiles) character file.

697 tilp the Charmwright (level 7, 0/59 HPs)
             Began as a Green Draconian Skald on Mar 14, 2018.
             Was a Follower of Wu Jian.
             Slain by a sky beast (1 damage)
             ... on level 5 of the Dungeon.
             The game lasted 00:24:06 (6663 turns).

tilp the Charmwright (Green Draconian Skald)        Turns: 6663, Time: 00:24:08

Health: 0/59       AC:  6    Str: 15    XL:     7   Next: 37%
Magic:  10/10      EV: 12    Int: 18    God:    Wu Jian [*.....]
Gold:   206        SH:  3    Dex: 11    Spells: 6/10 levels left

rFire    + . .     SeeInvis .   a - +1 mace
rCold    + . .     Gourm    .   t - +0 buckler
rNeg     . . .     Faith    .   (armour unavailable)
rPois    +         Spirit   .   (helmet restricted)
rElec    +         Reflect  .   (no cloak)
rCorr    +         Harm     .   (no gloves)
MR       .....                  (no boots)
Stlth    +.........             (no amulet)
HPRegen  0.19/turn              (no ring)
MPRegen  0.12/turn              (no ring)

@: brilliant, resistant, infused
A: breathe noxious fumes, unfitting armour, poison resistance, cold-blooded, AC
+6
a: Breathe Noxious Fumes, Renounce Religion


You were on level 5 of the Dungeon.
You worshipped Wu Jian.
Wu Jian was aware of your devotion.
You were hungry.

You visited 1 branch of the dungeon, and saw 5 of its levels.

You collected 206 gold pieces.

Inventory:

Hand Weapons
 a - a +1 mace (weapon)
Missiles
 d - 122 stones
 e - 41 sling bullets
 m - 5 tomahawks (quivered)
Armour
 t - a +0 buckler (worn)
Jewellery
 l - an uncursed ring of protection from magic {unknown}
Wands
 b - a wand of enslavement (26)
 p - a wand of flame (41)
 r - a wand of digging (20)
Scrolls
 f - a scroll of fear {unknown}
 o - 2 scrolls of identify
 q - 2 scrolls of amnesia {unknown}
 u - a scroll of teleportation {unknown}
Potions
 h - 5 potions of flight
 i - a potion of resistance
 j - a potion of mutation {unknown}
 k - a potion of heal wounds {unknown}
 n - a potion of magic
 s - a potion of degeneration {unknown}
 v - a potion of agility {unknown}
Comestibles
 c - 5 rations


   Skills:
 - Level 4.0 Fighting
 - Level 2.0 Maces & Flails
 - Level 4.0 Dodging
 + Level 0.0 Shields
 - Level 2.0 Spellcasting
 - Level 6.0 Charms
 - Level 2.5 Necromancy


You had 6 spell levels left.
You knew the following spells:

 Your Spells              Type           Power        Failure   Level  Hunger
a - Infusion              Chrm           ####         1%          1    #......
b - Regeneration          Chrm/Necr      ####......   1%          3    ###....


Dungeon Overview and Level Annotations

Branches:
Dungeon (5/15)             Temple (0/1) D:5

Altars:
Ru
Trog
Vehumet
Wu Jian

Annotations:
D:3 Grinder
D:4 1 runed door, Kavrick's ghost, amateur DsFi
D:5 exclusion: centaur


Innate Abilities, Weirdness & Mutations

You can breathe blasts of noxious fumes.
Your lurid green scales are hard. (AC +6)
You cannot fit into any form of body armour.
Your system is resistant to poisons. (rPois)
You are cold-blooded and may be slowed by cold attacks.


Message History

* * * LOW HITPOINT WARNING * * *
Something hits you.
* * * LOW HITPOINT WARNING * * *
Something shocks you.
* * * LOW HITPOINT WARNING * * *
It was a potion of resistance.
You feel protected.
A sky beast appears from thin air!
Reactivating autopickup.
You block the sky beast's attack.
It was a potion of magic.
Magic courses through your body.
The sky beast hits you but does no damage.
It was a potion of brilliance.
You feel clever all of a sudden.
The sky beast flickers out of sight!
Deactivating autopickup; reactivate with Ctrl-A.
Something hits you.
* * * LOW HITPOINT WARNING * * *
Something shocks you. You resist.
You die...

..........
................(..#
##<................##
###................###
.................##
..#..............# ...
............# ##.. ..
#..{......# #.... .
#..@.....# .... ...
##.......# ... .....
#......## .# #....
#.....## # #...
##..### ## #...##
#...# .##
##....####...# ..##
##............##
...###..............#


There were no monsters in sight!

Vanquished Creatures
  A phantom (D:5)
  An ogre (D:5)
  A hound (D:3)
  2 orc priests
  2 orc wizards
  Jessica (D:3)
  A bullfrog skeleton (D:4)
  Ijyb (D:5)
  A worker ant (D:4)
  A worker ant zombie (D:5)
  4 gnolls (D:3)
  9 adders
  An adder skeleton (D:4)
  6 worms
  3 dart slugs
  3 leopard geckos
  17 orcs
  2 giant cockroaches
  3 hobgoblins
  8 jackals
  3 quokkas
  A ball python (D:4)
  10 bats
  A frilled lizard (D:1)
  13 goblins
  10 kobolds
  A quokka skeleton (D:4)
  8 rats
115 creatures vanquished.

Notes
Turn   | Place    | Note
-------+----------+-------------------------------------------
     0 | D:1      | tilp the Draconian Skald began the quest for the Orb.
     0 | D:1      | Reached XP level 1. HP: 17/17 MP: 3/3
   140 | D:1      | Reached XP level 2. HP: 12/26 MP: 5/5
   796 | D:1      | Reached XP level 3. HP: 32/33 MP: 6/6
  1637 | D:2      | Reached XP level 4. HP: 28/40 MP: 2/7
  2215 | D:2      | Found an ornate altar of the Wu Jian Council.
  2227 | D:2      | Found a bloodstained altar of Trog.
  2235 | D:2      | Became a worshipper of the Wu Jian Council
  2738 | D:3      | Noticed Grinder
  2859 | D:3      | Reached XP level 5. HP: 39/46 MP: 5/8
  3110 | D:3      | Found a faded altar of an unknown god.
  3128 | D:3      | Reached skill level 3 in Charms
  3185 | D:3      | Noticed Jessica
  3201 | D:3      | Killed Jessica
  3201 | D:3      | Reached * piety under Wu Jian
  4131 | D:4      | Reached skill level 4 in Charms
  4343 | D:3      | Reached XP level 6. HP: 49/52 MP: 5/9
  4675 | D:4      | Noticed Kavrick's ghost (amateur DsFi)
  4784 | D:4      | Reached skill level 5 in Charms
  5010 | D:4      | Found a sacrificial altar of Ru.
  5097 | D:4      | Found a radiant altar of Vehumet.
  5411 | D:4      | Found a runed door.
  5650 | D:4      | Learned a level 3 spell: Regeneration
  5873 | D:5      | Entered Level 5 of the Dungeon
  6151 | D:5      | Reached skill level 6 in Charms
  6151 | D:5      | Your scales start taking on a lurid green colour.
  6151 | D:5      | Reached XP level 7. HP: 11/59 MP: 8/10
  6151 | D:5      | Gained mutation: Your system is resistant to poisons. (rPois) [Green Draconian growth]
  6459 | D:5      | Noticed Ijyb
  6503 | D:5      | Killed Ijyb
  6503 | D:5      | Reached skill level 1 in Necromancy
  6597 | D:5      | Found a staircase to the Ecumenical Temple.
  6660 | D:5      | HP: 1/59 [something (5)]
  6663 | D:5      | Slain by a sky beast

Vault maps used:
D:1:      nicolae_arrival_washed_ashore
D:2:      gammafunk_temple_overflow_pools
D:3:      first_ration, chequers_ecumenical_altar_grove, uniq_grinder,
          uniq_jessica
D:4:      nicolae_ru_sacrificial_ziggurat, vehumet_altar_wand_db,
          nicolae_ossuary_entry_monument, uniq_crazy_yiuf_cottage
D:5:      minmay_temple_entry_junction, corner_web_ring, serial_park_tiny_2,
          uniq_ijyb

Skill      XL: |  1  2  3  4  5  6  7 |
---------------+----------------------+-----
Fighting       | 3 4 |  4.0
Dodging        | 3 4 |  4.0
Charms         | 4 6 |  6.0
Necromancy     | 2 |  2.5
Maces & Flails | |  2.0
Spellcasting   | |  2.0

Action                   |  1- 3 |  4- 6 |  7- 9 || total
-------------------------+-------+-------+-------++-------
Melee: Mace              |   109 |   294 |    51 ||   454
       Tailslap          |     3 |    31 |     6 ||    40
Throw: Stone             |       |    11 |       ||    11
       Tomahawk          |       |    25 |     1 ||    26
 Cast: Infusion          |     6 |    36 |     6 ||    48
Invok: Lunge             |       |     9 |     3 ||    12
       Whirlwind         |       |     7 |     1 ||     8
 Abil: Breathe Noxious F |       |       |     3 ||     3
  Use: Scroll            |       |     6 |       ||     6
       Potion            |       |     3 |     3 ||     6
 Stab: Distracted        |       |     1 |       ||     1
       Sleeping          |       |     1 |       ||     1
       Confused          |       |       |     3 ||     3
  Eat: Chunk             |     2 |    11 |       ||    13
       Ration            |       |     2 |       ||     2
Armor: Skin              |    41 |    80 |    11 ||   132
Dodge: Dodged            |    89 |   189 |    18 ||   296
Block: Buckler           |       |     6 |     5 ||    11

Table legend:
 A = Spawn XP
 B = Non-spawn XP
 C = Spawn XP percentage of total XP
 D = Spawn monster count
 E = Non-spawn monster count
 F = Spawn count percentage of total count
 G = Total turns spent on level
                    A         B        C        D         E        F      G
               +---------+---------+-------+---------+---------+-------+---------
         Total |       0 |     996 |   0.0 |       0 |     115 |   0.0 |  6663
               +---------+---------+-------+---------+---------+-------+---------
           D:1 |       0 |      46 |   0.0 |       0 |      28 |   0.0 |  1162
           D:2 |       0 |      90 |   0.0 |       0 |      26 |   0.0 |  1241
           D:3 |       0 |     310 |   0.0 |       0 |      36 |   0.0 |  2298
           D:4 |       0 |     230 |   0.0 |       0 |      20 |   0.0 |  1172
           D:5 |       0 |     320 |   0.0 |       0 |       5 |   0.0 |   790
               +---------+---------+-------+---------+---------+-------+---------
